 Dungeon Crawl Stone Soup version 0.01-2115-ge649c80b0b (webtiles) character file.

Game seed: 44959232887948255, levelgen mode: deterministic

587 Lanoc the Skirmisher (level 7, -3/64 HPs) Green Draconian Demonspawn. Began on June 6, 2020. Slain by a slime creature (13 damage) ... on level 2 of the Dungeon. The game lasted 00:04:27 (1130 turns).

Lanoc the Skirmisher (Green Draconian Demonspawn)   Turns: 1130, Time: 00:04:27

Health: -3/64      AC: -1    Str: 16    XL:     7 ^: 587
Magic:  11/11      EV: 19    Int: 18    God:
Gold:   44         SH:  0    Dex: 12    Spells: 10/11 levels left

rFire    . . .     Vision   .   a - +0 long sword
rCold    . . .     Gourm    .   (no weapon)
rNeg     . . .     Faith    .   (armour unavailable)
rPois    +         Spirit   .   (helmet restricted)
rElec    .         Reflect  .   (no cloak)
rCorr    .         Harm     .   j - +0 pair of clawed gauntlets
MR       .....                  (no boots)
Stlth    ++........             (no amulet)
HPRegen  0.31/turn              e - ring of evasion
MPRegen  0.21/turn              h - ring of intelligence

@: corroded, starving
A: no body armour, unfitting armour, spiny 1, cold-blooded, poison enhancer 1,
rPois, AC +7
a: Breathe Noxious Fumes


You were on level 2 of the Dungeon.
You were starving.

You visited 1 branch of the dungeon, and saw 2 of its levels.

You collected 44 gold pieces.

Inventory:

Weapons
 a - a +0 long sword (weapon)
Armour
 j - a +0 pair of clawed gauntlets (worn)
Jewellery
 e - a ring of evasion (left claw)
 h - a ring of intelligence (right claw)
Scrolls
 b - 4 scrolls of immolation
 d - a scroll of enchantment
Potions
 f - a potion of agility
 g - a potion of lignification
 i - 2 potions of heal wounds
Comestibles
 c - 2 rations


   Skills:
 + Level 6.4 Fighting
 - Level 1.5 Long Blades
 + Level 4.8 Dodging
 - Level 1.3 Stealth
 - Level 2.6 Spellcasting
   Level 3.0 Invocations


You had 10 spell levels left.
You knew the following spells:

 Your Spells              Type           Power        Failure   Level  Hunger
a - Flame Tongue          Fire           2 (40)       17%         1    #......

Your spell library contained the following spells:

 Spells                   Type           Power        Failure   Level  Hunger
 Blink                    Tloc           N/A          26%         2    ##.....
 Call Imp                 Summ           2 (100)      26%         2    ##.....
 Slow                     Hex            2 (100)      26%         2    ##.....
 Conjure Flame            Fire           2 (100)      45%         3    ###....
 Mephitic Cloud           Pois/Air       3 (100)      45%         3    ###....


Dungeon Overview and Level Annotations

Branches:
Dungeon (2/8)

Altars:
Sif Muna


Innate Abilities, Weirdness & Mutations

You cannot fit into any form of body armour.
Your lurid green scales are hard. (AC +7)
You can breathe clouds of noxious fumes.
You are partially covered in sharp spines.
You are cold-blooded and may be slowed by cold attacks.
You are in touch with the powers of venom.
Your lurid green scales grant you resistance to poison. (rPois)


Message History

The adder skeleton misses you (0).
You riposte.
You hit the adder skeleton (2).
The adder skeleton is severely damaged. (5/14) HP You hit the slime creature but do no damage.
The slime creature is healthy. (57/57) HP You hit the slime creature but do no damage.
The slime creature is healthy. (57/57) HP Unknown command.
You hear a splash.
The adder skeleton misses you (0).
You riposte.
You hit the adder skeleton but do no damage.
The adder skeleton is severely damaged. (5/14) HP You hear a splash.
The adder skeleton is struck by your spines.
The adder skeleton misses you (0).
The adder skeleton is struck by your spines.
You destroy the adder skeleton!
You see here a bat corpse.
You see here a rat corpse.
You butcher the rat corpse.
The slime creature hits you (13)!
You die...

≈≈≈≈≈≈.#.....?......≈≈≈≈
###..........≈≈≈P ≈≈
#≈..........≈≈.. ≈≈≈
.......r......≈
≈.≈≈≈###≈..>....#
≈≈≈≈≈#.........≈# ≈
≈≈PP.....†.....#.≈
≈P≈PPP#≈....†.......
P≈≈≈P≈#...w.@...≈#≈
≈≈≈≈P......J....#P .
≈≈PP#....†......≈P .≈≈PP
#........≈##.P
.≈≈≈P≈#......≈..# ≈
≈≈≈≈≈.†.†.≈..≈#.≈..
≈≈≈≈≈.≈#≈≈#####≈.≈.
≈≈≈≈≈.#..≈≈.≈ ≈#.≈.
############## ###


You could see a slime creature, a worm and a sewer rat (wandering).

Vanquished Creatures
  3 big kobolds
  3 jellies
  A gnoll (D:1)
  22 sewer rats
  2 worms (D:2)
  6 cinder newts
  A leopard gecko (D:2)
  An adder skeleton (D:2)
  4 ball pythons (D:2)
  2 cinder newt skeletons (D:2)
  A giant cockroach (D:2)
  2 goblins (D:1)
  4 hobgoblins (D:1)
  12 kobolds
  A ball python skeleton (D:2)
  7 bats
  A bat skeleton (D:2)
  An orc skeleton (D:2)
  2 rats (D:2)
  A rat skeleton (D:2)
77 creatures vanquished.

Vanquished Creatures (others)
  An ooze (D:2)
  5 withered plants (D:2)
6 creatures vanquished.

Grand Total: 83 creatures vanquished

Notes
Turn   | Place    | Note
-------+----------+-------------------------------------------
     0 | D:1      | Lanoc the Immature Draconian Demonspawn began the quest for
                  | the Orb.
     0 | D:1      | Reached XP level 1. HP: 18/18 MP: 4/4
    38 | D:1      | Gained mutation: You are partially covered in sharp spines.
                  | [demonic ancestry]
    38 | D:1      | Reached XP level 2. HP: 25/25 MP: 5/5
    67 | D:1      | Reached skill level 3 in Fighting
    85 | D:2      | Noticed a big kobold
   239 | D:1      | Reached XP level 3. HP: 31/31 MP: 7/7
   487 | D:2      | Noticed a big kobold
   497 | D:2      | Killed a big kobold
   497 | D:2      | Reached skill level 4 in Fighting
   497 | D:2      | Reached XP level 4. HP: 40/40 MP: 5/8
   544 | D:2      | Noticed a big kobold
   570 | D:1      | Killed a big kobold
   570 | D:1      | Reached XP level 5. HP: 17/47 MP: 9/9
   715 | D:1      | Reached skill level 5 in Fighting
   830 | D:2      | Reached XP level 6. HP: 52/56 MP: 10/10
   851 | D:2      | Found a shimmering blue altar of Sif Muna.
   891 | D:2      | Reached skill level 6 in Fighting
   915 | D:2      | Noticed a slime creature
   935 | D:1      | Your scales start taking on a lurid green colour.
   935 | D:1      | Reached XP level 7. HP: 16/63 MP: 11/11
   935 | D:1      | Gained mutation: Your lurid green scales grant you
                  | resistance to poison. (rPois) [Green Draconian growth]
   935 | D:1      | Gained mutation: You are in touch with the powers of venom.
                  | [Green Draconian growth]
  1130 | D:2      | Slain by a slime creature

Levels and vault maps discovered:
D:1:      lightli_molten_gateway, layout_cave_pools, minmay_tromino_i4
D:2:      layout_sewer, grunt_temple_overflow_open

Skill      XL: |  1  2  3  4  5  6 |
---------------+-------------------+-----
Fighting       | 3 4 5 6 |  6.4
Dodging        | 3 4 |  4.8
Long Blades    | |  1.5
Stealth        | |  1.3
Spellcasting   | |  2.6
Invocations    | |  3.0

Action                   |  1- 3 |  4- 6 |  7- 9 || total
-------------------------+-------+-------+-------++-------
Melee: Long sword        |    28 |    93 |    15 ||   136
       Unarmed           |    19 |    81 |    12 ||   112
       Tailslap          |     2 |    16 |     2 ||    20
 Cast: Flame Tongue      |     2 |     3 |       ||     5
 Abil: Breathe Dart      |     1 |     1 |       ||     2
 Stab: Sleeping          |     1 |       |     1 ||     2
Armor: Skin              |     2 |    16 |     1 ||    19
Dodge: Dodged            |    27 |   160 |    27 ||   214
       Rpst.: Unarmed    |    10 |    60 |     6 ||    76
       Long sword        |    10 |    43 |     6 ||    59
